 Dungeon Crawl Stone Soup version 0.30.1-3-gfc49f6343a (webtiles) character file.

Game seed: 527245875892619198

17 Descartes the Shield-Bearer (level 2, 24/24 HPs)
             Began as a Formicid Fighter on July 18, 2023.
             Got out of the dungeon alive.
             The game lasted 00:00:42 (587 turns).

Descartes the Shield-Bearer (Formicid Fighter)       Turns: 587, Time: 00:00:42

Health: 24/24      AC:  6    Str: 20    XL:     2   Next: 80%
Magic:  2/2        EV:  9    Int:  7    God:
Gold:   26         SH:  5    Dex: 13    Spells: 1/1 levels left

rFire   . . .        a - +0 war axe
rCold   . . .        c - +0 buckler
rNeg    . . .        b - +0 scale mail
rPois   .            (helmet unavailable)
rElec   .            (no cloak)
rCorr   .            (no gloves)
SInv    +            (no boots)
Will    .....        (no amulet) Stlth
                     (no ring)
HPRegen 0.24/turn    (no ring)
MPRegen 0.08/turn

%: no passive effects
@: no status effects
A: permanent stasis, dig shafts and tunnels, antennae 3, four strong arms
a: Dig, Shaft Self


You escaped.
You visited 1 branch of the dungeon, and saw 1 of its levels.

You collected 26 gold pieces.

Inventory:

Hand Weapons
 a - a +0 war axe (weapon)
Armour
 b - a +0 scale mail (worn)
 c - a +0 buckler (worn)
Scrolls
 e - 4 scrolls of teleportation {unknown}
 g - 4 scrolls of identify {unknown}
 h - a scroll of vulnerability {unknown}
 k - a scroll of enchant weapon {unknown}
Potions
 d - a potion of might
 f - a potion of heal wounds {unknown}
 i - a potion of curing {unknown}
 j - a potion of mutation {unknown}


   Skills:
 + Level 3.5 Fighting
 + Level 2.2 Axes
 + Level 3.5 Armour
 + Level 4.3 Shields


You had one spell level left.
You didn't know any spells.
Your spell library was empty.

Dungeon Overview and Level Annotations

Branches:
Dungeon (1/15)

Altars:


Innate Abilities, Weirdness & Mutations

You cannot be hasted, slowed, berserked, paralysed or teleported.
You can dig through walls and to a lower floor.
You have a pair of large antennae on your head. (SInv)
Your four strong arms can wield two-handed weapons with a shield.


Message History

You open the door.
There is an open door here.
There is a stone staircase leading down here.
You see here a frilled lizard skeleton.
There is an open door here.
You see here a ball python skeleton.
You open the door.
A bat comes into view.
The bat hits you but does no damage.
A bat is nearby!
You miss the bat. The bat barely misses you. The bat completely misses you.
You slash the bat!
You kill the bat!
No target in view!
No target in view!
No target in view!
No target in view!
No target in view!
No target in view!
No target in view!
No target in view!
No target in view!
No target in view!
No target in view!
No target in view!
No target in view!
There is an open door here.
You open the door.
There is an open door here.
There is a staircase leading out of the dungeon here.
You see here a +0 scale mail.
There is a stone staircase leading down here.
You sense a monster nearby.
Unknown command.
You open the door.
There is an open door here.
You see here a quokka skeleton.
There is a staircase leading out of the dungeon here.
Are you sure you want to leave the Dungeon?
This will make you lose the game!
You have escaped!

#.##..####.####.#.#####
####.##..####.# #.#......
#.............# #.#######
#....###.#########.#
#....###...........#
#....#.#.#.#.#######
#.....#.#.#.##
######.#.#.#.# #.#.#@#.##
##.#.#.#.# #.#.#.#.##
###.#.#.#.######
#####..#.#.#.#.....#
#......#####..###..#
#......'.####..##..#
#......#.......##..#
#......#######.##..########


There were no monsters in sight!

Vanquished Creatures
  A dart slug (D:1)
  2 ball pythons (D:1)
  A bat (D:1)
  2 giant cockroaches (D:1)
  A goblin (D:1)
  A hobgoblin (D:1)
  2 quokkas (D:1)
  2 frilled lizards (D:1)
  A kobold (D:1)
  A rat (D:1)
14 creatures vanquished.

Notes
Turn   | Place    | Note
-------+----------+-------------------------------------------
     0 | D:1      | Descartes the Formicid Fighter began the quest for the Orb.
     0 | D:1      | Reached XP level 1. HP: 18/18 MP: 1/1
   202 | D:1      | Reached XP level 2. HP: 24/24 MP: 2/2
   587 | D:$      | Got out of the dungeon alive.

Illustrated notes

Levels and vault maps discovered:
D:1:      lightli_arrival_chessboard, layout_basic

Action                     || total
---------------------------++-------
  Melee: War axe           ||    32
 Armour: Scale mail        ||    17
  Dodge: Dodged            ||    10
  Block: Buckler           ||     7
